Workbook
Name \0: #REF!
Name \0: #REF!
Name \0: #REF!
Name \00: #REF!
Name \00: #REF!
Name \00: #REF!
Name \a: #REF!
Name \a: #REF!
Name \a: #REF!
Name \a: #REF!
Name \AA: [1]LIQUIDACION!#REF!
Name \AA: [1]LIQUIDACION!#REF!
Name \AA: [1]LIQUIDACION!#REF!
Name \b: [2]STRSUMM0!#REF!
Name \b: [2]STRSUMM0!#REF!
Name \b: [2]STRSUMM0!#REF!
Name \bb: [2]STRSUMM0!#REF!
Name \bb: [2]STRSUMM0!#REF!
Name \bb: [2]STRSUMM0!#REF!
Name \E: #REF!
Name \E: #REF!
Name \E: #REF!
Name \EE: #REF!
Name \EE: #REF!
Name \EE: #REF!
Name \G: #REF!
Name \G: #REF!
Name \G: #REF!
Name \k: '[3]7422CW00'!#REF!
Name \k: '[3]7422CW00'!#REF!
Name \k: '[3]7422CW00'!#REF!
Name \l: [4]STRSUMM0!#REF!
Name \l: [4]STRSUMM0!#REF!
Name \l: [4]STRSUMM0!#REF!
Name \M: #REF!
Name \M: #REF!
Name \M: #REF!
Name \ñ: '[5]7422CW00'!#REF!
Name \ñ: '[5]7422CW00'!#REF!
Name \ñ: '[5]7422CW00'!#REF!
Name \P: #REF!
Name \P: #REF!
Name \P: #REF!
Name \R: #REF!
Name \R: #REF!
Name \R: #REF!
Name \s: #REF!
Name \s: #REF!
Name \s: #REF!
Name \s: #REF!
Name \V: #REF!
Name \V: #REF!
Name \V: #REF!
Name \X: 'INDICAR CÓDIGO DEL ITEM DE PAGO'!ERR
Name \X: [0]!ERR
Name \Z: 'INDICAR CÓDIGO DEL ITEM DE PAGO'!ERR
Name \Z: [0]!ERR
Name _________AFC1: [6]INV!$A$25:$D$28
Name _________AFC3: [6]INV!$F$25:$I$28
Name _________AFC5: [6]INV!$K$25:$N$28

Sheet PRESUPUESTO OFICIAL (Entidad)
C3: Formulario 1 - Propuesta económica - Documento tipo de licitación de obra pública de infraestructura de transporte - versión 3
C4: Código | D4: CCE-EICP-FM-14 | E4: Versión | F4: 3
C5: FORMULARIO 1
C6: PRESUPUESTO OFICIAL
C7: GRUPO 2: ECOBARRIO VALLES DE CAFAM
C9: CAJA DE LA VIVIENDA POPULAR
C11: Nº | D11: ÍTEM DE PAGO | E11: ESPECIFICACIONES | G11: DESCRIPCIÓN | H11: UND. | I11: CANTIDAD | J11: VALOR UNITARIO (INCLUYE AIU) | K11: VALOR TOTAL (INCLUYE AIU)
E12: GENERAL | F12: PARTICULAR
G13: PRELIMINARES
G14: PRELIMINARES
C15: 1 | D15: 1 | G15: REPLANTEO GENERAL | H15: M2 | I15: 1964.62 | J15: 1291 | K15: =ROUND(J15*I15,0) -> 2536324
C16: 2 | D16: 2 | G16: DESCAPOTE MANUAL Y RETIRO (E=10-15CM) | H16: M2 | I16: 81 | J16: 19637 | K16: =ROUND(J16*I16,0) -> 1590597
C17: 3 | D17: 3 | G17: CERRAMIENTO LONA H=2.20 MTS(EXC+BASE CONC) | H17: ML | I17: 350 | J17: 39434 | K17: =ROUND(J17*I17,0) -> 13801900
C18: 4 | D18: 4 | G18: Lavado de andenes y descolmatación de juntas. Incluye alquiler de hidrolavadora 1300 W. Incluye implementos de aseo (detergente industrial). Transporte, agua, combustible y mano de obra. | H18: M2 | I18: 350 | J18: 6928 | K18: =ROUND(J18*I18,0) -> 2424800
C19: 5 | D19: 5 | G19: Arena lavada de peña con cemento para emboquillado de adoquin para pendiente mayor al 6% (incluye suministro, barrido para sellado de juntas y compactación). | H19: M3 | I19: 3 | J19: 193496 | K19: =ROUND(J19*I19,0) -> 580488
G20: EXCAVACIONES Y RELLENOS
G21: EXCAVACIONES CON RETIRO
C22: 6 | D22: 6 | G22: EXCAVACIÓN MANUAL+RETIRO SUELO BLANDO+TRASIEG <50M | H22: M3 | I22: 10 | J22: 120763 | K22: =ROUND(J22*I22,0) -> 1207630
C23: 7 | D23: 7 | G23: EXCAVACION MECANICA (Cargue+Transp+DispFinal)CDRC | H23: M3 | I23: 53.94 | J23: 108145 | K23: =ROUND(J23*I23,0) -> 5833341
G24: NIVELACIÓN Y CONFORMACIÓN DEL TERRENO
C25: 8 | D25: 8 | G25: NIVELACIÓN+PERFILADO TERRENO **MANUAL H=0.03 | H25: M2 | I25: 5 | J25: 3441 | K25: =ROUND(J25*I25,0) -> 17205
C26: 9 | D26: 9 | G26: NIVELACIÓN Y COMPACTACIÓN DE SUBRASANTE (MDEO+CILIN) | H26: M2 | I26: 2 | J26: 1821 | K26: =ROUND(J26*I26,0) -> 3642
G27: PROTECCIÓN DE TALUDES
C28: 10 | D28: 10 | G28: NIVELACION Y CONFORMACION TALUDES (M2) ** | H28: M2 | I28: 40.5 | J28: 21993 | K28: =ROUND(J28*I28,0) -> 890717
G29: RELLENOS | I29: 0
C30: 11 | D30: 11 | G30: GRAVILLA DE RIO 3/4" (CON TRANSPORTE) | H30: M3 | I30: 22.2 | J30: 208510 | K30: =ROUND(J30*I30,0) -> 4628922
G31: CIMENTACIÓN Y ESTRUCTURAS
C32: 12 | D32: 12 | G32: Demoliciones pisos de concreto o adoquín hasta 15 cm de ancho. Incluye cargue. No incluye transporte y disposición final | H32: M3 | I32: 34.23 | J32: 68391 | K32: =ROUND(J32*I32,0) -> 2341024
C33: 13 | D33: 13 | G33: Demoliciones bordillo para instalación tubería y balas de piso. Incluye cargue. No incluye transporte y disposición final | H33: ML | I33: 102.6 | J33: 24071 | K33: =ROUND(J33*I33,0) -> 2469685
C34: 14 | D34: 14 | G34: Reconstrucción bordillo en concreto de 3000 psi tipo grauting donde se instalaron las balas de piso y la tubería | H34: ML | I34: 102.6 | J34: 34726 | K34: =ROUND(J34*I34,0) -> 3562888
C35: 15 | D35: 15 | G35: Reconstrucción de anden en concreto 3000 PSI (210 KG/CM2) premezclado E=0.10M (Incluye suministro, formaleteo, refuerzo malla electrosoldada, fundida y curado) | H35: M2 | I35: 32 | J35: 92032 | K35: =ROUND(J35*I35,0) -> 2945024
C36: 16 | D36: 16 | G36: Bordillo prefabricado A-80 (suministro e instalación. incluye 3cm mortero de nivelación 2000 psi) | H36: ML | I36: 113.1 | J36: 81590 | K36: =ROUND(J36*I36,0) -> 9227829
C37: 17 | D37: 17 | G37: Bordillo prefabricado A-10 (suministro e instalación. incluye 3cm mortero de nivelación 2000 psi) para confinado de elementos de jardineria a piso. | H37: ML | I37: 112.5 | J37: 101089 | K37: =ROUND(J37*I37,0) -> 11372513
C38: 18 | D38: 18 | G38: Mantenimiento correctivo de espacio público en adoquín de arcilla liviano en bordes de materas, contenedores de raíces, dados y otros. Incluye cortes de adoquín para ajuste de figura, base en arena y emboquillado donde se requiera hasta 20 cm. Incluye alquiler de maquina cortadora o pulidora y cabina de trabajo | H38: M2 | I38: 75.5 | J38: 104894 | K38: =ROUND(J38*I38,0) -> 7919497
C39: 19 | D39: 19 | G39: Recebo comun (suministro, extendido, nivelación, humedecimiento y compactación con vibrocompactador) | H39: M3 | I39: 75 | J39: 109740 | K39: =ROUND(J39*I39,0) -> 8230500
C40: 20 | D40: 20 | G40: Geotextil NT 2000 para separación de materiales de capas de rellenos. Incluye suministro e instalación | H40: M2 | I40: 130 | J40: 10456 | K40: =ROUND(J40*I40,0) -> 1359280
C41: 21 | D41: 21 | G41: Suministro e instalación de piso deck y paredes en madera Teka (e=2 cms), la cual debe tener los tratamientos necesarios para su uso al exterior (aplicación de impregnante o lasur preparado con resinas acrílicas de base acuosa para la protección de maderas expuestas a la intemperie). La madera debe ir fijada a la estructura de soporte con tornillería oculta (cubierta con tarugo). Las tiras de madera deben ser completas y puestas en el sentido más largo (tapas laterales y frontales), separadas máx 5 mm, según diseño en planos. Incluye Cinta Antideslizante al ingreso y salida de puertas y rampas, si fuera necesario, Fotoluminiscente con ancho mínimo de 50mm, resistente a la humedad, resistente a grasas, de fácil limpieza y que se adapta a cualquier superficie. | H41: M2 | I41: 27.75 | J41: 356239 | K41: =ROUND(J41*I41,0) -> 9885632
C42: 22 | D42: 22 | G42: Suministro, instalación y transporte barrera New Jersey prefabricado monodireccional 0,3*1,0*0,80*0,15. Incluye mano de obra instalación.. Incluye cortes con pulidora para dar perfecta continuidad en esquinas y remates. No incluye base. Incluye boquilla para confinar y pegar | H42: ML | I42: 11 | J42: 444450 | K42: =ROUND(J42*I42,0) -> 4888950
C43: 23 | D43: 23 | G43: Reconstrucción de piso zona calistenia. Incluye demolición de carpeta asfaltica, nivelación de rasante, instalación de carpeta de rodadura asfaltica E= 0,06m, compactación, protección de elementos existentes con forro plastico. | H43: M3 | I43: 3 | J43: 1517953 | K43: =ROUND(J43*I43,0) -> 4553859
G44: ESTRUCTURA
G45: CIMENTACIÓN
C46: 24 | D46: 24 | G46: DADO CIMENT CONCRETO 3000PSI PREMEZCL SIN REFUER** | H46: M3 | I46: 8.9 | J46: 1134969 | K46: =ROUND(J46*I46,0) -> 10101224
C47: 25 | D47: 25 | G47: TANQUE ALMACENAMIENTO CONCRETO IMP. 3000 PSI | H47: M3 | I47: 3.26 | J47: 1309241 | K47: =ROUND(J47*I47,0) -> 4268126
G48: ESTRUCTURAS METÁLICAS
C49: 26 | D49: 26 | G49: ESTRUCTURA METÁLICA OBRA | H49: KG | I49: 2080.48 | J49: 22791 | K49: =ROUND(J49*I49,0) -> 47416220
G50: SUMINISTRO E INSTALACIÓN ACERO
C51: 27 | D51: 27 | G51: ACERO DE REFUERZO 60000 ** | H51: KG | I51: 288 | J51: 7455 | K51: =ROUND(J51*I51,0) -> 2147040
G52: REDES HIDRÁULICAS
G53: REDES Y CONDUCCIÓN
C54: 28 | D54: 28 | G54: SISTEMA DE RECOLECCIÓN DE AGUAS LLUVIAS | H54: UN | I54: 2 | J54: 1967363 | K54: =ROUND(J54*I54,0) -> 3934726
C55: 29 | D55: 29 | G55: FILTRO FRANCES40*40 EXCAV+GEONT-1600+TUBO 100MM ** | H55: ML | I55: 10 | J55: 197882 | K55: =ROUND(J55*I55,0) -> 1978820
C56: 30 | D56: 30 | G56: TUBERIA NOVAFORT D=110MM EXCA Y RELLENO RECEBO | H56: ML | I56: 20 | J56: 112893 | K56: =ROUND(J56*I56,0) -> 2257860
C57: 31 | D57: 31 | G57: TUBERIA NOVAFORT D=160MM EXCA Y RELLENO RECEBO | H57: ML | I57: 30.8 | J57: 143593 | K57: =ROUND(J57*I57,0) -> 4422664
C58: 32 | D58: 32 | G58: CARCAMOT-1 3000 PSI+REJILLA VEH.CONC | H58: ML | I58: 2.2 | J58: 381893 | K58: =ROUND(J58*I58,0) -> 840165
C59: 33 | D59: 33 | G59: CAJA INSPECCIÓN (0.60X0.60M) HPROM=0.74M (INC.EXCA | H59: UN | I59: 2 | J59: 717686 | K59: =ROUND(J59*I59,0) -> 1435372
C60: 34 | D60: 34 | G60: Suministro e instalación de tanque horizontal de 2000 Litros. 1.57m de alto, 1.62m de largo y 1.44m de ancho. En resina de polietileno, incluye transporte | H60: UND | I60: 2 | J60: 6743184 | K60: =ROUND(J60*I60,0) -> 13486368
C61: 35 | D61: 35 | G61: Cañuela prefabricada A-120 con medidas Largo: 80 cm Alto: 22,5 cm Ancho: 30 cm suministro e instalación incluye 3cm mortero de nivelación 2000 psi | H61: ML | I61: 18 | J61: 89132 | K61: =ROUND(J61*I61,0) -> 1604376
C62: 36 | D62: 36 | G62: Suministro e instalación de bomba manual. Incluye accesorios para instalación. Ver diseño | H62: UND | I62: 2 | J62: 623779 | K62: =ROUND(J62*I62,0) -> 1247558
C63: 37 | D63: 37 | G63: Suministro e instalación. Geodren con tubería circular 100mm h=0.5 o drenaflex con tubería circular 100mm h=0.5. | H63: ML | I63: 11 | J63: 58330 | K63: =ROUND(J63*I63,0) -> 641630
G64: REDES ELÉCTRICAS
C65: 38 | D65: 38 | G65: Puesta a Tierra Medidor | H65: UN | I65: 4 | J65: 639272 | K65: =ROUND(J65*I65,0) -> 2557088
C66: 39 | D66: 39 | G66: Kit Solar Basico 24V 1700Whdía | H66: UND | I66: 2 | J66: 7198891 | K66: =ROUND(J66*I66,0) -> 14397782
C67: 40 | D67: 40 | G67: Caja de Proteccion IP65 60x40x25 | H67: UND | I67: 2 | J67: 625766 | K67: =ROUND(J67*I67,0) -> 1251532
C68: 41 | D68: 41 | G68: FOTOCELDAS LUMINARIAS POSTE(EXT) | H68: UND | I68: 1 | J68: 33122 | K68: =ROUND(J68*I68,0) -> 33122
C69: 42 | D69: 42 | G69: Kit Solar Litio 3000W 48VDC 14000Whdía | H69: UND | I69: 1 | J69: 55661507 | K69: =ROUND(J69*I69,0) -> 55661507
C70: 43 | D70: 43 | G70: (DL1) - Luminaria tipo Downlight redondo LED 7.9W | H70: PTO | I70: 2 | J70: 78084 | K70: =ROUND(J70*I70,0) -> 156168
C71: 44 | D71: 44 | G71: SALIDA TOMACORRIENTE NORMAL+TUBO EMT 5m-CEFE COMETAS(Sum+Ins | H71: PTO | I71: 3 | J71: 192398 | K71: =ROUND(J71*I71,0) -> 577194
C72: 45 | D72: 45 | G72: (BL2) -Luminaria Bolardo Exterior corto LED 10.8W | H72: UND | I72: 30 | J72: 372694 | K72: =ROUND(J72*I72,0) -> 11180820
C73: 46 | D73: 46 | G73: Salida luminaria piso 3N12 (PVC 3/4") | H73: UND | I73: 30 | J73: 111365 | K73: =ROUND(J73*I73,0) -> 3340950
C74: 47 | D74: 47 | G74: POSTE METAL.H=8M tipo AP+BASE | H74: UN | I74: 2 | J74: 2178699 | K74: =ROUND(J74*I74,0) -> 4357398
C75: 48 | D75: 48 | G75: Certificados de Retie y Retilap. | H75: GL | I75: 1 | J75: 2932650 | K75: =ROUND(J75*I75,0) -> 2932650
G76: EXTERIORES
G77: EMPRADIZACIÓN
C78: 49 | D78: 49 | G78: EMPRADIZACION GRAMA CON SEMIILLA RAY-GRASS ** | H78: M2 | I78: 120 | J78: 23526 | K78: =ROUND(J78*I78,0) -> 2823120
C79: 50 | D79: 50 | G79: JARDINERÍA DENSIDAD 12 PLANTAS POR M2 -CDRC | H79: UN | I79: 80 | J79: 127895 | K79: =ROUND(J79*I79,0) -> 10231600
C80: 51 | D80: 51 | G80: Muro para jardinera tipo silla configuración organica. Incluye mortero de pega, dovelado, pañete terminado final. Ver detalle | H80: ML | I80: 38 | J80: 1548598 | K80: =ROUND(J80*I80,0) -> 58846724
G81: SENDEROS, PLAZOLETAS, BORDILLOS, GUIA TACTIL, ANDENES EN ADOQUÍN
C82: 52 | D82: 52 | G82: GEOCELDA(ARE+TIE) | H82: M2 | I82: 20 | J82: 172419 | K82: =ROUND(J82*I82,0) -> 3448380
C83: 53 | D83: 53 | G83: Relleno en tierra negra abonada | H83: M3 | I83: 5 | J83: 85283 | K83: =ROUND(J83*I83,0) -> 426415
C84: 54 | D84: 54 | G84: Suministro, transporte y plantación de arbusto de amarre de bajo porte 1m - 1,5m maximo de alto | H84: UND | I84: 1 | J84: 397359 | K84: =ROUND(J84*I84,0) -> 397359
G85: MOBILIARIO
G86: MOBILIARIO URBANO
C87: 55 | D87: 55 | G87: Suministro de matera circular M-32-A | H87: UN | I87: 2 | J87: 2794828 | K87: =ROUND(J87*I87,0) -> 5589656
C88: 56 | D88: 56 | G88: Suministro e instalación de sillas M-11-A de concreto prefabricado de 2,00*0,5*0,46 y asiento en madera teka. Ver plano de detalles | H88: - | I88: 2 | J88: 4222390 | K88: =ROUND(J88*I88,0) -> 8444780
C89: 57 | D89: 57 | G89: BUTACO HEXAGONAL CONCRET ESPECIAL D40 SEGUN DISEÑO | H89: UN | I89: 8 | J89: 620418 | K89: =ROUND(J89*I89,0) -> 4963344
C90: 58 | D90: 58 | G90: Biciparquedero M-22-A. incluye suministro e instalación. Incluye platinas de anclaje. No incluye base en concreto | H90: UN | I90: 6 | J90: 584578 | K90: =ROUND(J90*I90,0) -> 3507468
C91: 59 | D91: 59 | G91: NichoEcológico3Canecas Acero+Subb+Placa (sum+Ins) | H91: UN | I91: 2 | J91: 3795258 | K91: =ROUND(J91*I91,0) -> 7590516
C92: 60 | D92: 60 | G92: Suministro y entrega de zona de inflado de llantas de bicicletas, con caja protectora en lámina de acuerdo al diseño | H92: UN | I92: 2 | J92: 2888212 | K92: =ROUND(J92*I92,0) -> 5776424
C93: 61 | D93: 61 | G93: Suministro e instalación de protector M-91. Dos tubos | H93: UN | I93: 1 | J93: 520964 | K93: =ROUND(J93*I93,0) -> 520964
G94: SEÑALIZACIÓN
C95: 62 | D95: 62 | G95: Señal tipo ecobarrio. Tablero 2.001m x 0.90m reflectivo alta intensidad, pedestal en ángulo de 2"x2"x1/4" h= 2.00m en pintura electrostática. incluye suministro e instalación. Ver diseño | H95: UN | I95: 2 | J95: 1411444 | K95: =ROUND(J95*I95,0) -> 2822888
C96: 63 | D96: 63 | G96: Señal sc-80 2 caras (sum + inst) | H96: UN | I96: 5 | J96: 596419 | K96: =ROUND(J96*I96,0) -> 2982095
C97: 64 | D97: 64 | G97: Señal idg-s 2 caras (sum + inst) | H97: UN | I97: 6 | J97: 729639 | K97: =ROUND(J97*I97,0) -> 4377834
C98: 65 | D98: 65 | G98: Señal informativa si-05, tablero 1.401m x 0.512m reflectivo alta intensidad, pedestal en ángulo de 2"x2"x1/4" h= 2.60m en pintura electrostática. incluye suministro e instalación | H98: UN | I98: 1 | J98: 1479794 | K98: =ROUND(J98*I98,0) -> 1479794
C99: 66 | D99: 66 | G99: SEÑAL PLANO UBICACION PARQUE (SUM + INST) | H99: UN | I99: 1 | J99: 952106 | K99: =ROUND(J99*I99,0) -> 952106
G100: CONTENEDOR MARITIMO
G101: CONTENEDOR MARITIMO
C102: 67 | D102: 67 | G102: Suministro de contenedor marítimo (ver APU y especificación) de carga reciclado de 20 pies, en buen estado. Incluye certificación de nacionalización Dian. | H102: UND | I102: 1 | J102: 58695065 | K102: =ROUND(J102*I102,0) -> 58695065
C103: 68 | D103: 68 | G103: Suministro y aplicación de manto impermeabilizante Manto autoadhesivo 1m x 3mm cubiertas contenedor y superficies enterradas | H103: M2 | I103: 14.4 | J103: 112760 | K103: =ROUND(J103*I103,0) -> 1623744
C104: 69 | D104: 69 | G104: Suministro e instalación de estructura para fijación contenedor a cimentación. En ángulo de 2"*1/4 | H104: UND | I104: 4 | J104: 229490 | K104: =ROUND(J104*I104,0) -> 917960
...

Sheet OFERTA ECONOMICA (Proponente)
C3: Formulario 1 - Propuesta económica - Documento tipo de licitación de obra pública de infraestructura de transporte - versión 3
C4: Código | D4: CCE-EICP-FM-14 | E4: Versión | F4: 3
C5: FORMULARIO 1
C6: PROPUESTA ECONÓMICA
C7: “EJECUTAR A PRECIOS FIJOS SIN FÓRMULA DE REAJUSTE, LAS OBRAS DE INTERVENCIÓN FÍSICA A ESCALA BARRIAL CONSISTENTES EN LA CONSTRUCCIÓN DE ECOBARRIOS EN TERRITORIOS PRIORIZADOS EN EL BARRIO LA ROCA EN LA LOCALIDAD DE SAN CRISTÓBAL (GRUPO 1) Y EN EL BARRIO VALLE DE CAFAM DE LA LOCALIDAD DE USME (GRUPO 2) EN LA CIUDAD DE BOGOTÁ D.C.”. GRUPO 2: ECOBARRIO VALLES DE CAFAM
C9: CAJA DE LA VIVIENDA POPULAR
C11: Nº | D11: ÍTEM DE PAGO | E11: ESPECIFICACIONES | G11: DESCRIPCIÓN | H11: UND. | I11: CANTIDAD | J11: VALOR UNITARIO (INCLUYE AIU) | K11: VALOR TOTAL (INCLUYE AIU) | N11: OBSERVACIONES
E12: GENERAL | F12: PARTICULAR
G13: PRELIMINARES
G14: PRELIMINARES
C15: 1 | D15: 1 | G15: REPLANTEO GENERAL | H15: M2 | I15: 1964.62 | K15: =ROUND(J15*I15,0) -> 0 | N15: =+IF(((J15-'PRESUPUESTO OFICIAL (Entidad)'!J15)<=0)*AND(J15>0),"Cumple Presupuesto","No Cumple presupuesto") -> No Cumple presupuesto
C16: 2 | D16: 2 | G16: DESCAPOTE MANUAL Y RETIRO (E=10-15CM) | H16: M2 | I16: 81 | K16: =ROUND(J16*I16,0) -> 0 | N16: =+IF(((J16-'PRESUPUESTO OFICIAL (Entidad)'!J16)<=0)*AND(J16>0),"Cumple Presupuesto","No Cumple presupuesto") -> No Cumple presupuesto
C17: 3 | D17: 3 | G17: CERRAMIENTO LONA H=2.20 MTS(EXC+BASE CONC) | H17: ML | I17: 350 | K17: =ROUND(J17*I17,0) -> 0 | N17: =+IF(((J17-'PRESUPUESTO OFICIAL (Entidad)'!J17)<=0)*AND(J17>0),"Cumple Presupuesto","No Cumple presupuesto") -> No Cumple presupuesto
C18: 4 | D18: 4 | G18: Lavado de andenes y descolmatación de juntas. Incluye alquiler de hidrolavadora 1300 W. Incluye implementos de aseo (detergente industrial). Transporte, agua, combustible y mano de obra. | H18: M2 | I18: 350 | K18: =ROUND(J18*I18,0) -> 0 | N18: =+IF(((J18-'PRESUPUESTO OFICIAL (Entidad)'!J18)<=0)*AND(J18>0),"Cumple Presupuesto","No Cumple presupuesto") -> No Cumple presupuesto
C19: 5 | D19: 5 | G19: Arena lavada de peña con cemento para emboquillado de adoquin para pendiente mayor al 6% (incluye suministro, barrido para sellado de juntas y compactación). | H19: M3 | I19: 3 | K19: =ROUND(J19*I19,0) -> 0 | N19: =+IF(((J19-'PRESUPUESTO OFICIAL (Entidad)'!J19)<=0)*AND(J19>0),"Cumple Presupuesto","No Cumple presupuesto") -> No Cumple presupuesto
G20: EXCAVACIONES Y RELLENOS
G21: EXCAVACIONES CON RETIRO
C22: 6 | D22: 6 | G22: EXCAVACIÓN MANUAL+RETIRO SUELO BLANDO+TRASIEG <50M | H22: M3 | I22: 10 | K22: =ROUND(J22*I22,0) -> 0 | N22: =+IF(((J22-'PRESUPUESTO OFICIAL (Entidad)'!J22)<=0)*AND(J22>0),"Cumple Presupuesto","No Cumple presupuesto") -> No Cumple presupuesto
C23: 7 | D23: 7 | G23: EXCAVACION MECANICA (Cargue+Transp+DispFinal)CDRC | H23: M3 | I23: 53.94 | K23: =ROUND(J23*I23,0) -> 0 | N23: =+IF(((J23-'PRESUPUESTO OFICIAL (Entidad)'!J23)<=0)*AND(J23>0),"Cumple Presupuesto","No Cumple presupuesto") -> No Cumple presupuesto
G24: NIVELACIÓN Y CONFORMACIÓN DEL TERRENO
C25: 8 | D25: 8 | G25: NIVELACIÓN+PERFILADO TERRENO **MANUAL H=0.03 | H25: M2 | I25: 5 | K25: =ROUND(J25*I25,0) -> 0 | N25: =+IF(((J25-'PRESUPUESTO OFICIAL (Entidad)'!J25)<=0)*AND(J25>0),"Cumple Presupuesto","No Cumple presupuesto") -> No Cumple presupuesto
C26: 9 | D26: 9 | G26: NIVELACIÓN Y COMPACTACIÓN DE SUBRASANTE (MDEO+CILIN) | H26: M2 | I26: 2 | K26: =ROUND(J26*I26,0) -> 0 | N26: =+IF(((J26-'PRESUPUESTO OFICIAL (Entidad)'!J26)<=0)*AND(J26>0),"Cumple Presupuesto","No Cumple presupuesto") -> No Cumple presupuesto
G27: PROTECCIÓN DE TALUDES
C28: 10 | D28: 10 | G28: NIVELACION Y CONFORMACION TALUDES (M2) ** | H28: M2 | I28: 40.5 | K28: =ROUND(J28*I28,0) -> 0 | N28: =+IF(((J28-'PRESUPUESTO OFICIAL (Entidad)'!J28)<=0)*AND(J28>0),"Cumple Presupuesto","No Cumple presupuesto") -> No Cumple presupuesto
G29: RELLENOS | I29: 0
C30: 11 | D30: 11 | G30: GRAVILLA DE RIO 3/4" (CON TRANSPORTE) | H30: M3 | I30: 22.2 | K30: =ROUND(J30*I30,0) -> 0 | N30: =+IF(((J30-'PRESUPUESTO OFICIAL (Entidad)'!J30)<=0)*AND(J30>0),"Cumple Presupuesto","No Cumple presupuesto") -> No Cumple presupuesto
G31: CIMENTACIÓN Y ESTRUCTURAS
C32: 12 | D32: 12 | G32: Demoliciones pisos de concreto o adoquín hasta 15 cm de ancho. Incluye cargue. No incluye transporte y disposición final | H32: M3 | I32: 34.23 | K32: =ROUND(J32*I32,0) -> 0 | N32: =+IF(((J32-'PRESUPUESTO OFICIAL (Entidad)'!J32)<=0)*AND(J32>0),"Cumple Presupuesto","No Cumple presupuesto") -> No Cumple presupuesto
C33: 13 | D33: 13 | G33: Demoliciones bordillo para instalación tubería y balas de piso. Incluye cargue. No incluye transporte y disposición final | H33: ML | I33: 102.6 | K33: =ROUND(J33*I33,0) -> 0 | N33: =+IF(((J33-'PRESUPUESTO OFICIAL (Entidad)'!J33)<=0)*AND(J33>0),"Cumple Presupuesto","No Cumple presupuesto") -> No Cumple presupuesto
C34: 14 | D34: 14 | G34: Reconstrucción bordillo en concreto de 3000 psi tipo grauting donde se instalaron las balas de piso y la tubería | H34: ML | I34: 102.6 | K34: =ROUND(J34*I34,0) -> 0 | N34: =+IF(((J34-'PRESUPUESTO OFICIAL (Entidad)'!J34)<=0)*AND(J34>0),"Cumple Presupuesto","No Cumple presupuesto") -> No Cumple presupuesto
C35: 15 | D35: 15 | G35: Reconstrucción de anden en concreto 3000 PSI (210 KG/CM2) premezclado E=0.10M (Incluye suministro, formaleteo, refuerzo malla electrosoldada, fundida y curado) | H35: M2 | I35: 32 | K35: =ROUND(J35*I35,0) -> 0 | N35: =+IF(((J35-'PRESUPUESTO OFICIAL (Entidad)'!J35)<=0)*AND(J35>0),"Cumple Presupuesto","No Cumple presupuesto") -> No Cumple presupuesto
C36: 16 | D36: 16 | G36: Bordillo prefabricado A-80 (suministro e instalación. incluye 3cm mortero de nivelación 2000 psi) | H36: ML | I36: 113.1 | K36: =ROUND(J36*I36,0) -> 0 | N36: =+IF(((J36-'PRESUPUESTO OFICIAL (Entidad)'!J36)<=0)*AND(J36>0),"Cumple Presupuesto","No Cumple presupuesto") -> No Cumple presupuesto
C37: 17 | D37: 17 | G37: Bordillo prefabricado A-10 (suministro e instalación. incluye 3cm mortero de nivelación 2000 psi) para confinado de elementos de jardineria a piso. | H37: ML | I37: 112.5 | K37: =ROUND(J37*I37,0) -> 0 | N37: =+IF(((J37-'PRESUPUESTO OFICIAL (Entidad)'!J37)<=0)*AND(J37>0),"Cumple Presupuesto","No Cumple presupuesto") -> No Cumple presupuesto
C38: 18 | D38: 18 | G38: Mantenimiento correctivo de espacio público en adoquín de arcilla liviano en bordes de materas, contenedores de raíces, dados y otros. Incluye cortes de adoquín para ajuste de figura, base en arena y emboquillado donde se requiera hasta 20 cm. Incluye alquiler de maquina cortadora o pulidora y cabina de trabajo | H38: M2 | I38: 75.5 | K38: =ROUND(J38*I38,0) -> 0 | N38: =+IF(((J38-'PRESUPUESTO OFICIAL (Entidad)'!J38)<=0)*AND(J38>0),"Cumple Presupuesto","No Cumple presupuesto") -> No Cumple presupuesto
C39: 19 | D39: 19 | G39: Recebo comun (suministro, extendido, nivelación, humedecimiento y compactación con vibrocompactador) | H39: M3 | I39: 75 | K39: =ROUND(J39*I39,0) -> 0 | N39: =+IF(((J39-'PRESUPUESTO OFICIAL (Entidad)'!J39)<=0)*AND(J39>0),"Cumple Presupuesto","No Cumple presupuesto") -> No Cumple presupuesto
C40: 20 | D40: 20 | G40: Geotextil NT 2000 para separación de materiales de capas de rellenos. Incluye suministro e instalación | H40: M2 | I40: 130 | K40: =ROUND(J40*I40,0) -> 0 | N40: =+IF(((J40-'PRESUPUESTO OFICIAL (Entidad)'!J40)<=0)*AND(J40>0),"Cumple Presupuesto","No Cumple presupuesto") -> No Cumple presupuesto
C41: 21 | D41: 21 | G41: Suministro e instalación de piso deck y paredes en madera Teka (e=2 cms), la cual debe tener los tratamientos necesarios para su uso al exterior (aplicación de impregnante o lasur preparado con resinas acrílicas de base acuosa para la protección de maderas expuestas a la intemperie). La madera debe ir fijada a la estructura de soporte con tornillería oculta (cubierta con tarugo). Las tiras de madera deben ser completas y puestas en el sentido más largo (tapas laterales y frontales), separadas máx 5 mm, según diseño en planos. Incluye Cinta Antideslizante al ingreso y salida de puertas y rampas, si fuera necesario, Fotoluminiscente con ancho mínimo de 50mm, resistente a la humedad, resistente a grasas, de fácil limpieza y que se adapta a cualquier superficie. | H41: M2 | I41: 27.75 | K41: =ROUND(J41*I41,0) -> 0 | N41: =+IF(((J41-'PRESUPUESTO OFICIAL (Entidad)'!J41)<=0)*AND(J41>0),"Cumple Presupuesto","No Cumple presupuesto") -> No Cumple presupuesto
C42: 22 | D42: 22 | G42: Suministro, instalación y transporte barrera New Jersey prefabricado monodireccional 0,3*1,0*0,80*0,15. Incluye mano de obra instalación.. Incluye cortes con pulidora para dar perfecta continuidad en esquinas y remates. No incluye base. Incluye boquilla para confinar y pegar | H42: ML | I42: 11 | K42: =ROUND(J42*I42,0) -> 0 | N42: =+IF(((J42-'PRESUPUESTO OFICIAL (Entidad)'!J42)<=0)*AND(J42>0),"Cumple Presupuesto","No Cumple presupuesto") -> No Cumple presupuesto
C43: 23 | D43: 23 | G43: Reconstrucción de piso zona calistenia. Incluye demolición de carpeta asfaltica, nivelación de rasante, instalación de carpeta de rodadura asfaltica E= 0,06m, compactación, protección de elementos existentes con forro plastico. | H43: M3 | I43: 3 | K43: =ROUND(J43*I43,0) -> 0 | N43: =+IF(((J43-'PRESUPUESTO OFICIAL (Entidad)'!J43)<=0)*AND(J43>0),"Cumple Presupuesto","No Cumple presupuesto") -> No Cumple presupuesto
G44: ESTRUCTURA
G45: CIMENTACIÓN
C46: 24 | D46: 24 | G46: DADO CIMENT CONCRETO 3000PSI PREMEZCL SIN REFUER** | H46: M3 | I46: 8.9 | K46: =ROUND(J46*I46,0) -> 0 | N46: =+IF(((J46-'PRESUPUESTO OFICIAL (Entidad)'!J46)<=0)*AND(J46>0),"Cumple Presupuesto","No Cumple presupuesto") -> No Cumple presupuesto
C47: 25 | D47: 25 | G47: TANQUE ALMACENAMIENTO CONCRETO IMP. 3000 PSI | H47: M3 | I47: 3.26 | K47: =ROUND(J47*I47,0) -> 0 | N47: =+IF(((J47-'PRESUPUESTO OFICIAL (Entidad)'!J47)<=0)*AND(J47>0),"Cumple Presupuesto","No Cumple presupuesto") -> No Cumple presupuesto
G48: ESTRUCTURAS METÁLICAS
C49: 26 | D49: 26 | G49: ESTRUCTURA METÁLICA OBRA | H49: KG | I49: 2080.48 | K49: =ROUND(J49*I49,0) -> 0 | N49: =+IF(((J49-'PRESUPUESTO OFICIAL (Entidad)'!J49)<=0)*AND(J49>0),"Cumple Presupuesto","No Cumple presupuesto") -> No Cumple presupuesto
G50: SUMINISTRO E INSTALACIÓN ACERO
C51: 27 | D51: 27 | G51: ACERO DE REFUERZO 60000 ** | H51: KG | I51: 288 | K51: =ROUND(J51*I51,0) -> 0 | N51: =+IF(((J51-'PRESUPUESTO OFICIAL (Entidad)'!J51)<=0)*AND(J51>0),"Cumple Presupuesto","No Cumple presupuesto") -> No Cumple presupuesto
G52: REDES HIDRÁULICAS
G53: REDES Y CONDUCCIÓN
C54: 28 | D54: 28 | G54: SISTEMA DE RECOLECCIÓN DE AGUAS LLUVIAS | H54: UN | I54: 2 | K54: =ROUND(J54*I54,0) -> 0 | N54: =+IF(((J54-'PRESUPUESTO OFICIAL (Entidad)'!J54)<=0)*AND(J54>0),"Cumple Presupuesto","No Cumple presupuesto") -> No Cumple presupuesto
C55: 29 | D55: 29 | G55: FILTRO FRANCES40*40 EXCAV+GEONT-1600+TUBO 100MM ** | H55: ML | I55: 10 | K55: =ROUND(J55*I55,0) -> 0 | N55: =+IF(((J55-'PRESUPUESTO OFICIAL (Entidad)'!J55)<=0)*AND(J55>0),"Cumple Presupuesto","No Cumple presupuesto") -> No Cumple presupuesto
C56: 30 | D56: 30 | G56: TUBERIA NOVAFORT D=110MM EXCA Y RELLENO RECEBO | H56: ML | I56: 20 | K56: =ROUND(J56*I56,0) -> 0 | N56: =+IF(((J56-'PRESUPUESTO OFICIAL (Entidad)'!J56)<=0)*AND(J56>0),"Cumple Presupuesto","No Cumple presupuesto") -> No Cumple presupuesto
C57: 31 | D57: 31 | G57: TUBERIA NOVAFORT D=160MM EXCA Y RELLENO RECEBO | H57: ML | I57: 30.8 | K57: =ROUND(J57*I57,0) -> 0 | N57: =+IF(((J57-'PRESUPUESTO OFICIAL (Entidad)'!J57)<=0)*AND(J57>0),"Cumple Presupuesto","No Cumple presupuesto") -> No Cumple presupuesto
C58: 32 | D58: 32 | G58: CARCAMOT-1 3000 PSI+REJILLA VEH.CONC | H58: ML | I58: 2.2 | K58: =ROUND(J58*I58,0) -> 0 | N58: =+IF(((J58-'PRESUPUESTO OFICIAL (Entidad)'!J58)<=0)*AND(J58>0),"Cumple Presupuesto","No Cumple presupuesto") -> No Cumple presupuesto
C59: 33 | D59: 33 | G59: CAJA INSPECCIÓN (0.60X0.60M) HPROM=0.74M (INC.EXCA | H59: UN | I59: 2 | K59: =ROUND(J59*I59,0) -> 0 | N59: =+IF(((J59-'PRESUPUESTO OFICIAL (Entidad)'!J59)<=0)*AND(J59>0),"Cumple Presupuesto","No Cumple presupuesto") -> No Cumple presupuesto
C60: 34 | D60: 34 | G60: Suministro e instalación de tanque horizontal de 2000 Litros. 1.57m de alto, 1.62m de largo y 1.44m de ancho. En resina de polietileno, incluye transporte | H60: UND | I60: 2 | K60: =ROUND(J60*I60,0) -> 0 | N60: =+IF(((J60-'PRESUPUESTO OFICIAL (Entidad)'!J60)<=0)*AND(J60>0),"Cumple Presupuesto","No Cumple presupuesto") -> No Cumple presupuesto
C61: 35 | D61: 35 | G61: Cañuela prefabricada A-120 con medidas Largo: 80 cm Alto: 22,5 cm Ancho: 30 cm suministro e instalación incluye 3cm mortero de nivelación 2000 psi | H61: ML | I61: 18 | K61: =ROUND(J61*I61,0) -> 0 | N61: =+IF(((J61-'PRESUPUESTO OFICIAL (Entidad)'!J61)<=0)*AND(J61>0),"Cumple Presupuesto","No Cumple presupuesto") -> No Cumple presupuesto
C62: 36 | D62: 36 | G62: Suministro e instalación de bomba manual. Incluye accesorios para instalación. Ver diseño | H62: UND | I62: 2 | K62: =ROUND(J62*I62,0) -> 0 | N62: =+IF(((J62-'PRESUPUESTO OFICIAL (Entidad)'!J62)<=0)*AND(J62>0),"Cumple Presupuesto","No Cumple presupuesto") -> No Cumple presupuesto
C63: 37 | D63: 37 | G63: Suministro e instalación. Geodren con tubería circular 100mm h=0.5 o drenaflex con tubería circular 100mm h=0.5. | H63: ML | I63: 11 | K63: =ROUND(J63*I63,0) -> 0 | N63: =+IF(((J63-'PRESUPUESTO OFICIAL (Entidad)'!J63)<=0)*AND(J63>0),"Cumple Presupuesto","No Cumple presupuesto") -> No Cumple presupuesto
G64: REDES ELÉCTRICAS
C65: 38 | D65: 38 | G65: Puesta a Tierra Medidor | H65: UN | I65: 4 | K65: =ROUND(J65*I65,0) -> 0 | N65: =+IF(((J65-'PRESUPUESTO OFICIAL (Entidad)'!J65)<=0)*AND(J65>0),"Cumple Presupuesto","No Cumple presupuesto") -> No Cumple presupuesto
C66: 39 | D66: 39 | G66: Kit Solar Basico 24V 1700Whdía | H66: UND | I66: 2 | K66: =ROUND(J66*I66,0) -> 0 | N66: =+IF(((J66-'PRESUPUESTO OFICIAL (Entidad)'!J66)<=0)*AND(J66>0),"Cumple Presupuesto","No Cumple presupuesto") -> No Cumple presupuesto
C67: 40 | D67: 40 | G67: Caja de Proteccion IP65 60x40x25 | H67: UND | I67: 2 | K67: =ROUND(J67*I67,0) -> 0 | N67: =+IF(((J67-'PRESUPUESTO OFICIAL (Entidad)'!J67)<=0)*AND(J67>0),"Cumple Presupuesto","No Cumple presupuesto") -> No Cumple presupuesto
C68: 41 | D68: 41 | G68: FOTOCELDAS LUMINARIAS POSTE(EXT) | H68: UND | I68: 1 | K68: =ROUND(J68*I68,0) -> 0 | N68: =+IF(((J68-'PRESUPUESTO OFICIAL (Entidad)'!J68)<=0)*AND(J68>0),"Cumple Presupuesto","No Cumple presupuesto") -> No Cumple presupuesto
C69: 42 | D69: 42 | G69: Kit Solar Litio 3000W 48VDC 14000Whdía | H69: UND | I69: 1 | K69: =ROUND(J69*I69,0) -> 0 | N69: =+IF(((J69-'PRESUPUESTO OFICIAL (Entidad)'!J69)<=0)*AND(J69>0),"Cumple Presupuesto","No Cumple presupuesto") -> No Cumple presupuesto
C70: 43 | D70: 43 | G70: (DL1) - Luminaria tipo Downlight redondo LED 7.9W | H70: PTO | I70: 2 | K70: =ROUND(J70*I70,0) -> 0 | N70: =+IF(((J70-'PRESUPUESTO OFICIAL (Entidad)'!J70)<=0)*AND(J70>0),"Cumple Presupuesto","No Cumple presupuesto") -> No Cumple presupuesto
C71: 44 | D71: 44 | G71: SALIDA TOMACORRIENTE NORMAL+TUBO EMT 5m-CEFE COMETAS(Sum+Ins | H71: PTO | I71: 3 | K71: =ROUND(J71*I71,0) -> 0 | N71: =+IF(((J71-'PRESUPUESTO OFICIAL (Entidad)'!J71)<=0)*AND(J71>0),"Cumple Presupuesto","No Cumple presupuesto") -> No Cumple presupuesto
C72: 45 | D72: 45 | G72: (BL2) -Luminaria Bolardo Exterior corto LED 10.8W | H72: UND | I72: 30 | K72: =ROUND(J72*I72,0) -> 0 | N72: =+IF(((J72-'PRESUPUESTO OFICIAL (Entidad)'!J72)<=0)*AND(J72>0),"Cumple Presupuesto","No Cumple presupuesto") -> No Cumple presupuesto
C73: 46 | D73: 46 | G73: Salida luminaria piso 3N12 (PVC 3/4") | H73: UND | I73: 30 | K73: =ROUND(J73*I73,0) -> 0 | N73: =+IF(((J73-'PRESUPUESTO OFICIAL (Entidad)'!J73)<=0)*AND(J73>0),"Cumple Presupuesto","No Cumple presupuesto") -> No Cumple presupuesto
C74: 47 | D74: 47 | G74: POSTE METAL.H=8M tipo AP+BASE | H74: UN | I74: 2 | K74: =ROUND(J74*I74,0) -> 0 | N74: =+IF(((J74-'PRESUPUESTO OFICIAL (Entidad)'!J74)<=0)*AND(J74>0),"Cumple Presupuesto","No Cumple presupuesto") -> No Cumple presupuesto
C75: 48 | D75: 48 | G75: Certificados de Retie y Retilap. | H75: GL | I75: 1 | K75: =ROUND(J75*I75,0) -> 0 | N75: =+IF(((J75-'PRESUPUESTO OFICIAL (Entidad)'!J75)<=0)*AND(J75>0),"Cumple Presupuesto","No Cumple presupuesto") -> No Cumple presupuesto
G76: EXTERIORES
G77: EMPRADIZACIÓN
C78: 49 | D78: 49 | G78: EMPRADIZACION GRAMA CON SEMIILLA RAY-GRASS ** | H78: M2 | I78: 120 | K78: =ROUND(J78*I78,0) -> 0 | N78: =+IF(((J78-'PRESUPUESTO OFICIAL (Entidad)'!J78)<=0)*AND(J78>0),"Cumple Presupuesto","No Cumple presupuesto") -> No Cumple presupuesto
C79: 50 | D79: 50 | G79: JARDINERÍA DENSIDAD 12 PLANTAS POR M2 -CDRC | H79: UN | I79: 80 | K79: =ROUND(J79*I79,0) -> 0 | N79: =+IF(((J79-'PRESUPUESTO OFICIAL (Entidad)'!J79)<=0)*AND(J79>0),"Cumple Presupuesto","No Cumple presupuesto") -> No Cumple presupuesto
C80: 51 | D80: 51 | G80: Muro para jardinera tipo silla configuración organica. Incluye mortero de pega, dovelado, pañete terminado final. Ver detalle | H80: ML | I80: 38 | K80: =ROUND(J80*I80,0) -> 0 | N80: =+IF(((J80-'PRESUPUESTO OFICIAL (Entidad)'!J80)<=0)*AND(J80>0),"Cumple Presupuesto","No Cumple presupuesto") -> No Cumple presupuesto
G81: SENDEROS, PLAZOLETAS, BORDILLOS, GUIA TACTIL, ANDENES EN ADOQUÍN
C82: 52 | D82: 52 | G82: GEOCELDA(ARE+TIE) | H82: M2 | I82: 20 | K82: =ROUND(J82*I82,0) -> 0 | N82: =+IF(((J82-'PRESUPUESTO OFICIAL (Entidad)'!J82)<=0)*AND(J82>0),"Cumple Presupuesto","No Cumple presupuesto") -> No Cumple presupuesto
C83: 53 | D83: 53 | G83: Relleno en tierra negra abonada | H83: M3 | I83: 5 | K83: =ROUND(J83*I83,0) -> 0 | N83: =+IF(((J83-'PRESUPUESTO OFICIAL (Entidad)'!J83)<=0)*AND(J83>0),"Cumple Presupuesto","No Cumple presupuesto") -> No Cumple presupuesto
C84: 54 | D84: 54 | G84: Suministro, transporte y plantación de arbusto de amarre de bajo porte 1m - 1,5m maximo de alto | H84: UND | I84: 1 | K84: =ROUND(J84*I84,0) -> 0 | N84: =+IF(((J84-'PRESUPUESTO OFICIAL (Entidad)'!J84)<=0)*AND(J84>0),"Cumple Presupuesto","No Cumple presupuesto") -> No Cumple presupuesto
G85: MOBILIARIO
G86: MOBILIARIO URBANO
C87: 55 | D87: 55 | G87: Suministro de matera circular M-32-A | H87: UN | I87: 2 | K87: =ROUND(J87*I87,0) -> 0 | N87: =+IF(((J87-'PRESUPUESTO OFICIAL (Entidad)'!J87)<=0)*AND(J87>0),"Cumple Presupuesto","No Cumple presupuesto") -> No Cumple presupuesto
C88: 56 | D88: 56 | G88: Suministro e instalación de sillas M-11-A de concreto prefabricado de 2,00*0,5*0,46 y asiento en madera teka. Ver plano de detalles | H88: - | I88: 2 | K88: =ROUND(J88*I88,0) -> 0 | N88: =+IF(((J88-'PRESUPUESTO OFICIAL (Entidad)'!J88)<=0)*AND(J88>0),"Cumple Presupuesto","No Cumple presupuesto") -> No Cumple presupuesto
C89: 57 | D89: 57 | G89: BUTACO HEXAGONAL CONCRET ESPECIAL D40 SEGUN DISEÑO | H89: UN | I89: 8 | K89: =ROUND(J89*I89,0) -> 0 | N89: =+IF(((J89-'PRESUPUESTO OFICIAL (Entidad)'!J89)<=0)*AND(J89>0),"Cumple Presupuesto","No Cumple presupuesto") -> No Cumple presupuesto
C90: 58 | D90: 58 | G90: Biciparquedero M-22-A. incluye suministro e instalación. Incluye platinas de anclaje. No incluye base en concreto | H90: UN | I90: 6 | K90: =ROUND(J90*I90,0) -> 0 | N90: =+IF(((J90-'PRESUPUESTO OFICIAL (Entidad)'!J90)<=0)*AND(J90>0),"Cumple Presupuesto","No Cumple presupuesto") -> No Cumple presupuesto
C91: 59 | D91: 59 | G91: NichoEcológico3Canecas Acero+Subb+Placa (sum+Ins) | H91: UN | I91: 2 | K91: =ROUND(J91*I91,0) -> 0 | N91: =+IF(((J91-'PRESUPUESTO OFICIAL (Entidad)'!J91)<=0)*AND(J91>0),"Cumple Presupuesto","No Cumple presupuesto") -> No Cumple presupuesto
C92: 60 | D92: 60 | G92: Suministro y entrega de zona de inflado de llantas de bicicletas, con caja protectora en lámina de acuerdo al diseño | H92: UN | I92: 2 | K92: =ROUND(J92*I92,0) -> 0 | N92: =+IF(((J92-'PRESUPUESTO OFICIAL (Entidad)'!J92)<=0)*AND(J92>0),"Cumple Presupuesto","No Cumple presupuesto") -> No Cumple presupuesto
C93: 61 | D93: 61 | G93: Suministro e instalación de protector M-91. Dos tubos | H93: UN | I93: 1 | K93: =ROUND(J93*I93,0) -> 0 | N93: =+IF(((J93-'PRESUPUESTO OFICIAL (Entidad)'!J93)<=0)*AND(J93>0),"Cumple Presupuesto","No Cumple presupuesto") -> No Cumple presupuesto
G94: SEÑALIZACIÓN
C95: 62 | D95: 62 | G95: Señal tipo ecobarrio. Tablero 2.001m x 0.90m reflectivo alta intensidad, pedestal en ángulo de 2"x2"x1/4" h= 2.00m en pintura electrostática. incluye suministro e instalación. Ver diseño | H95: UN | I95: 2 | K95: =ROUND(J95*I95,0) -> 0 | N95: =+IF(((J95-'PRESUPUESTO OFICIAL (Entidad)'!J95)<=0)*AND(J95>0),"Cumple Presupuesto","No Cumple presupuesto") -> No Cumple presupuesto
C96: 63 | D96: 63 | G96: Señal sc-80 2 caras (sum + inst) | H96: UN | I96: 5 | K96: =ROUND(J96*I96,0) -> 0 | N96: =+IF(((J96-'PRESUPUESTO OFICIAL (Entidad)'!J96)<=0)*AND(J96>0),"Cumple Presupuesto","No Cumple presupuesto") -> No Cumple presupuesto
C97: 64 | D97: 64 | G97: Señal idg-s 2 caras (sum + inst) | H97: UN | I97: 6 | K97: =ROUND(J97*I97,0) -> 0 | N97: =+IF(((J97-'PRESUPUESTO OFICIAL (Entidad)'!J97)<=0)*AND(J97>0),"Cumple Presupuesto","No Cumple presupuesto") -> No Cumple presupuesto
C98: 65 | D98: 65 | G98: Señal informativa si-05, tablero 1.401m x 0.512m reflectivo alta intensidad, pedestal en ángulo de 2"x2"x1/4" h= 2.60m en pintura electrostática. incluye suministro e instalación | H98: UN | I98: 1 | K98: =ROUND(J98*I98,0) -> 0 | N98: =+IF(((J98-'PRESUPUESTO OFICIAL (Entidad)'!J98)<=0)*AND(J98>0),"Cumple Presupuesto","No Cumple presupuesto") -> No Cumple presupuesto
C99: 66 | D99: 66 | G99: SEÑAL PLANO UBICACION PARQUE (SUM + INST) | H99: UN | I99: 1 | K99: =ROUND(J99*I99,0) -> 0 | N99: =+IF(((J99-'PRESUPUESTO OFICIAL (Entidad)'!J99)<=0)*AND(J99>0),"Cumple Presupuesto","No Cumple presupuesto") -> No Cumple presupuesto
G100: CONTENEDOR MARITIMO
G101: CONTENEDOR MARITIMO
C102: 67 | D102: 67 | G102: Suministro de contenedor marítimo (ver APU y especificación) de carga reciclado de 20 pies, en buen estado. Incluye certificación de nacionalización Dian. | H102: UND | I102: 1 | K102: =ROUND(J102*I102,0) -> 0 | N102: =+IF(((J102-'PRESUPUESTO OFICIAL (Entidad)'!J102)<=0)*AND(J102>0),"Cumple Presupuesto","No Cumple presupuesto") -> No Cumple presupuesto
C103: 68 | D103: 68 | G103: Suministro y aplicación de manto impermeabilizante Manto autoadhesivo 1m x 3mm cubiertas contenedor y superficies enterradas | H103: M2 | I103: 14.4 | K103: =ROUND(J103*I103,0) -> 0 | N103: =+IF(((J103-'PRESUPUESTO OFICIAL (Entidad)'!J103)<=0)*AND(J103>0),"Cumple Presupuesto","No Cumple presupuesto") -> No Cumple presupuesto
C104: 69 | D104: 69 | G104: Suministro e instalación de estructura para fijación contenedor a cimentación. En ángulo de 2"*1/4 | H104: UND | I104: 4 | K104: =ROUND(J104*I104,0) -> 0 | N104: =+IF(((J104-'PRESUPUESTO OFICIAL (Entidad)'!J104)<=0)*AND(J104>0),"Cumple Presupuesto","No Cumple presupuesto") -> No Cumple presupuesto
...

Sheet INDICAR CÓDIGO DEL ITEM DE PAGO
C3: Formulario 1 - Propuesta económica - Documento tipo de licitación de obra pública de infraestructura de transporte - versión 3
C4: Código | D4: CCE-EICP-FM-14 | E4: Versión | F4: 3
C6: [La entidad podrá utilizar este formato para la presentación de los análisis de precios unitarios del contratista en la oportunidad prevista en el numeral 8.1. del Documento Base]
D9: [NOMBRE DE LA ENTIDAD]
L10: VERSIÓN
D11: [NÚMERO DEL PROCESO]
L12: PÁGINA | M12: 1 | N12: DE | O12: 1
D14: ANALISIS DE PRECIOS UNITARIOS
L16: FECHA | M16: DD | N16: MM | O16: AA
C18: ÍTEMS DE LA PROPUESTA ECONÓMICA | I18: ÍTEMS NO PREVISTOS
C22: DATOS ESPECÍFICOS
C24: ÍTEM | D24: DESCRIPCIÓN | M24: UNIDAD | O24: CANTIDAD
C26: I. EQUIPO
C29: DESCRIPCIÓN | H29: MARCA | J29: TIPO | L29: TARIFA/HORA | M29: RENDIMIENTO | O29: Vr. UNITARIO
C33: SUBTOTAL $
C34: II. MATERIALES
C37: DESCRIPCIÓN | K37: UNIDAD | L37: CANTIDAD | M37: PRECIO UNIT. | O37: Vr. UNITARIO
C40: SUBTOTAL $ | O40: 0
C41: III. TRANSPORTES
C44: MATERIAL | J44: VOL. o PESO | K44: DISTANCIA | L44: M3 o Ton/Km | M44: TARIFA | O44: Vr. UNITARIO
C47: SUBTOTAL $
C48: IV. MANO DE OBRA
C51: TRABAJADOR | J51: JORNAL | K51: PRESTACIONES | L51: JORNAL TOTAL | M51: RENDIMIENTO | O51: Vr. UNITARIO
C56: SUBTOTAL $
C58: TOTAL COSTO DIRECTO $
C59: V. COSTOS INDIRECTOS
C62: Descripción | L62: Porcentaje | M62: Valor Total
C63: ADMINISTRACION
C64: IMPREVISTOS
C65: UTILIDAD
C66: SUBTOTAL $
C68: Precio Unitario Total Aproximado al peso $
H72: Firma
H73: Nombre:
H74: Representante Legal del Contratista o su Apoderado
H75: Matricula No. :
C77: OBSERVACIONES INTERVENTORÍA
C81: APROBACIÓN POR INTERVENTORÍA
C82: Nota 1: Cuando se trate de Análisis de precios unitarios correspondientes a ítems de la propuesta económica aprobada, el Interventor aprueba el desglose de los componentes manteniendo el mismo precio unitario de cada ítem, cumpliendo con las especificaciones de construcción vigentes para el proyecto.
C84: Nota 2: Cuando se trate de Análisis de precios unitarios de ítems no previstos, el Interventor aprueba el desglose y precio unitario de cada ítem no previsto, exigiendo la aplicación de los costos correspondientes a insumos y tarifas de la propuesta económica inicial cuando estén contemplados, cumpliendo con las especificaciones de construcción vigente para el proyecto.
H87: Firma
H88: Nombre:
H89: Representante Legal del Interventor o su Apoderado
H90: Matricula No. :
